 Dungeon Crawl Stone Soup version 0.31.0-9-g3a7656b989 (webtiles) character file.

Game seed: 14065520056267721088

37 browni3141 the Sneak (level 3, -4/30 HPs)
             Began as a Formicid Delver on Jan 24, 2024.
             Slain by a crocodile zombie (7 damage)
             ... in an ossuary.
             The game lasted 00:02:10 (294 turns).

browni3141 the Sneak (Formicid Delver)               Turns: 294, Time: 00:02:11

Health: -4/30      AC:  3    Str: 18    XL:     3   Next: 62%
Magic:  3/3        EV: 12    Int:  9    God:
Gold:   27         SH:  0    Dex: 15    Spells: 2/2 levels left

rFire   + . .        a - +0 short sword
rCold   . . .        (no shield)
rNeg    . . .        b - +0 leather armour
rPois   +            (helmet unavailable)
rElec   .            (no cloak)
rCorr   .            (no gloves)
SInv    +            (no boots)
Will    .....        (no amulet)
Stlth   +++          G - ring of poison resistance
HPRegen 0.25/turn    H - ring of protection from fire
MPRegen 0.08/turn

%: no passive effects
@: brilliant
A: permanent stasis, dig shafts and tunnels, antennae 3, four strong arms
a: Dig


You were in an ossuary.
You visited 1 branch of the dungeon, and saw 2 of its levels.
You also visited: Ossuary.

You collected 27 gold pieces.

Inventory:

Hand Weapons
 a - a +0 short sword (weapon)
Armour
 b - a +0 leather armour (worn)
Jewellery
 G - a ring of poison resistance (left hand)
 H - a ring of protection from fire (right hand)
Wands
 f - a wand of digging (3)
Scrolls
 d - a scroll of revelation
 e - a scroll of fear
 F - 4 scrolls of fog
 J - a scroll of identify {unknown}


   Skills:
 - Level 4.0 Fighting
 * Level 3.1 Short Blades
 - Level 1.7 Dodging
 - Level 6.0 Stealth


You had 2 spell levels left.
You didn't know any spells.
Your spell library was empty.

Dungeon Overview and Level Annotations

Branches:
Dungeon (5/15)            Ossuary (1/1)
 Temple: D:4-7

Altars:

Annotations:
D:5 exclusion: ogre


Innate Abilities, Weirdness & Mutations

You cannot be hasted, slowed, berserked, paralysed or teleported.
You can dig through walls and to a lower floor.
You have a pair of large antennae on your head. (SInv)
Your four strong arms can wield two-handed weapons with a shield.


Message History

* * * LOW HITPOINT WARNING * * *
You are poisoned.
The adder poisons you!
You hit the adder.
You kill the adder!
You feel sick.
Your Short Blades skill increases to level 3!
You start resting.
You feel sick. x5
You are no longer poisoned.
You start resting.
You hear the slow hiss of an avalanche of sand.
You start resting.
You hear the slow hiss of an avalanche of sand.
You start resting.
HP restored.
You see here an adder corpse.
There is an empty arch of ancient stone here.
G - a ring of poison resistance
G - a ring of poison resistance (left hand)
H - a ring of protection from fire
H - a ring of protection from fire (right hand)
You hear the hiss of an avalanche of sand very nearby.
I - a golden potion
There is a stone staircase leading up here.
You climb upwards.
There is a stone staircase leading down here.
J - a scroll labelled MIEDIR NAT
There is a stone staircase leading down here.
You climb downwards.
You hear the hiss of flowing sand.
There is an entrance to an ossuary on this level.
Hurry and find it before the portal is buried!
There is a stone staircase leading up here.
You hear the hiss of an avalanche of sand very nearby.
You now have 14 gold pieces.
F - 4 scrolls of fog (gained 3)
An ogre comes into view. It is wielding a +0 giant club.
Press: ? - help, . - travel You can't see that place. [the floor.] Placed new exclusion.
A gnoll bouda comes into view. It is wielding a +0 whip.
The gnoll bouda moves out of view. 2 gnolls come into view.
You hear the brisk hiss of an avalanche of sand.
The gnoll bouda shouts!
The gnoll bouda barks out a call to the hunt!
There is an empty arch of ancient stone here.
You see here an adder corpse.
There is a sand-covered staircase here.
You now have 27 gold pieces (gained 13).
There are no items here.
A gnoll comes into view. It is wielding a +0 halberd.
There is a sand-covered staircase here.
The world spins around you as you enter the gateway.
You enter an ossuary!
Found a gate leading back out of this place.
There is an empty arch of ancient stone here.
The helpless crocodile zombie fails to defend itself.
You puncture the crocodile zombie!
The crocodile zombie is heavily damaged.
The mummy closely misses you. The crocodile zombie bites you.
The crocodile zombie barely misses you.
A gnoll zombie comes into view.
A kobold zombie and a gnoll zombie come into view.
The kobold zombie attacks as it pursues you!
The kobold zombie closely misses you.
A kobold zombie comes into view.
The gnoll zombie misses you.
The gnoll zombie attacks as it pursues you!
The gnoll zombie hits you. 2 kobold zombies come into view.
The kobold zombie attacks as it pursues you!
The kobold zombie hits you but does no damage.
The gnoll zombie barely misses you.
The kobold zombie hits you but does no damage.
The gnoll zombie hits you.
The crocodile zombie closely misses you.
The crocodile zombie bites you!
* * * LOW HITPOINT WARNING * * *
The crocodile zombie drags you backwards!
The crocodile zombie barely misses you. The mummy hits you.
* * * LOW HITPOINT WARNING * * *
There is a gate leading back out of this place here.
The crocodile zombie bites you.
* * * LOW HITPOINT WARNING * * *
The crocodile zombie drags you backwards!
You can't go up here!
The mummy closely misses you. The crocodile zombie bites you!
* * * LOW HITPOINT WARNING * * *
The crocodile zombie drags you backwards!
The crocodile zombie attacks as it pursues you!
The crocodile zombie bites you but does no damage.
Okay, then.
Unknown command.
Unknown command.
It was a potion of brilliance.
You feel clever all of a sudden. The crocodile zombie bites you!
You die...

######### #
############.#.#Z#.#Z#
##.......@ZZ^..........
#........ZZ..^.........
#.....∩..M.Z...........
#......................
##.....................
############.#.#.#Z#Z#
####### #


You could see a mummy, 2 crocodile zombies, 2 gnoll zombies and a kobold zombie.

Vanquished Creatures
  A hound (D:5)
  An adder (D:5)
2 creatures vanquished.

Notes
Turn   | Place    | Note
-------+----------+-------------------------------------------
     0 | D:5      | browni3141 the Formicid Delver began the quest for the Orb.
     0 | D:5      | Reached XP level 1. HP: 18/18 MP: 1/1
    14 | D:5      | Found a sand-covered staircase.
    14 | D:5      | Noticed a hound
    32 | D:5      | Killed a hound
    33 | D:5      | Reached XP level 2. HP: 11/25 MP: 2/2
    33 | D:5      | Reached XP level 3. HP: 13/30 MP: 3/3
    46 | D:5      | Reached skill level 3 in Short Blades
   225 | D:5      | Noticed an ogre
   269 | Ossuary  | Entered an ossuary
   294 | Ossuary  | Slain by a crocodile zombie

Illustrated notes

Levels and vault maps discovered:
D:4:      layout_loops_ring, chequers_temple_overflow_statue_of_worship,
          grunt_ministairs_9, uniq_natasha, uniq_blork_the_orc
D:5:      layout_cave_pools, chequers_ossuary_entry_cave,
          palyth_stone_intersect, nrook_mini_backslash, serial_bayou_pond_a,
          guppyfry_early_lair_pool, uniq_eustachio
Ossuary:  ossuary_the_hunt_dpeg

Skill      XL: |  1  2  3 |
---------------+----------+-----
Fighting       | 4 |  4.0
Short Blades   | 3 |  3.1
Dodging        | |  1.7
Stealth        | |  6.0

Action                     || total
---------------------------++-------
  Melee: Short sword       ||    25
    Use: Potion            ||     1
   Stab: Sleeping          ||     1
 Armour: Leather armour    ||    24
  Dodge: Dodged            ||    23
